 Dungeon Crawl Stone Soup version 0.26.0-41-g79a4fc7684 (webtiles) character file.

Game seed: 5326233685515440531

180215 Gduck the Warrior (level 17, -9/163 HPs)
             Began as a Hill Orc Delver on Jan 25, 2021.
             Was the Champion of Beogh.
             Mangled by a spectral alligator (16 damage)
             ... called from beyond by a ghost crab
             ... on level 2 of the Swamp on Jan 26, 2021.
             The game lasted 02:24:43 (42468 turns).

Gduck the Warrior (Hill Orc Delver)                Turns: 42468, Time: 02:24:43

Health: -9/163     AC: 24    Str: 20    XL:     17   Next: 92%
Magic:  15/16      EV: 10    Int:  8    God:    Beogh [******]
Gold:   2602       SH: 19    Dex: 19    Spells: 15/16 levels left

rFire    + . .     SeeInvis +   P - +2 trident (vamp)
rCold    + . .     Faith    .   M - +0 kite shield
rNeg     . . .     Spirit   .   U - +7 chain mail of Impatience {rCorr Int-2 Dex+5}
rPois    +         Reflect  .   v - +0 helmet
rElec    .         Harm     .   (no cloak)
rCorr    +         Rampage  .   W - +2 pair of gloves of Sunlight {rC+ MP-9 Slay+2 SInv}
Will     +....                  (no boots)
Stlth    +.........             T - amulet of regeneration
HPRegen  0.77/turn              o - ring of protection from fire
MPRegen  0.15/turn              K - ring of poison resistance

@: no status effects
A: walk on water, large bone plates 1, thin skeletal structure 1, blurry vision
1, clumsy 1, wild magic 1
}: 1/15 runes: serpentine
a: Renounce Religion, Smiting, Recall Orcish Followers, Give Item to Named
Follower, Resurrection


You were on level 2 of the Swamp.
You worshipped Beogh.
Beogh was exalted by your worship.
You visited 7 branches of the dungeon, and saw 30 of its levels.

You collected 2702 gold pieces.
You spent 100 gold pieces at shops.

Inventory:

Hand Weapons
 y - the +6 battleaxe of Insomnia {vorpal, Str+5 Dex+4 SInv}
   (You found it on level 2 of the Snake Pit)

   It inflicts extra damage upon your enemies.
   It affects your strength (+5).
   It affects your dexterity (+4).
   It lets you see invisible.
 P - a +2 vampiric trident (weapon)
Missiles
 E - 26 boomerangs
Armour
 v - a +0 helmet (worn)
 M - a +0 kite shield (worn)
 U - the +7 chain mail of Impatience (worn) {rCorr Int-2 Dex+5}
   (You took it off a salamander on level 3 of the Snake Pit)

   It affects your intelligence (-2).
   It affects your dexterity (+5).
   It provides partial protection from all sources of acid and corrosion.
 W - the +2 pair of gloves of Sunlight (worn) {rC+ MP-9 Slay+2 SInv}
   (You found it on level 1 of the Lair of Beasts)

   It affects your accuracy and damage with ranged weapons and melee attacks
   (+2).
   It protects you from cold.
   It affects your magic capacity (-9).
   It lets you see invisible.
Jewellery
 b - an uncursed ring of resist corrosion
 h - an uncursed ring of flight
 l - an uncursed ring of see invisible
 o - a ring of protection from fire (left hand)
 C - an uncursed ring of resist corrosion
 I - an uncursed ring of positive energy
 K - a ring of poison resistance (right hand)
 T - an amulet of regeneration (around neck)
Wands
 a - a wand of enslavement (6)
 g - a wand of digging (2)
 r - a wand of random effects (47)
 B - a wand of paralysis (21)
 D - a wand of disintegration (37)
 O - a wand of iceblast (22)
 Q - a wand of flame (57)
Scrolls
 c - 7 scrolls of fog
 d - 4 scrolls of magic mapping
 k - 6 scrolls of remove curse
 m - 8 scrolls of enchant weapon
 n - 2 scrolls of blinking
 q - 11 scrolls of amnesia
 s - 10 scrolls of teleportation
 u - 4 scrolls of enchant armour
 w - 4 scrolls of immolation
 G - a scroll of torment
 N - 4 scrolls of identify
 S - a scroll of silence
 V - a scroll of brand weapon
 X - a scroll of holy word {unknown}
Potions
 f - 3 potions of haste
 i - 4 potions of attraction
 t - 5 potions of mutation
 x - 3 potions of cancellation
 z - 7 potions of ambrosia
 A - 2 potions of curing
 F - 6 potions of lignification
 H - 3 potions of resistance
 J - 2 potions of brilliance
 L - 2 potions of flight
 Z - a potion of magic
Miscellaneous
 p - a box of beasts (inert)


   Skills:
 + Level 18.1 Fighting
 + Level 18.1 Polearms
 + Level 12.8 Armour
 - Level 3.3 Dodging
 - Level 4.1 Stealth
 + Level 16.1 Shields
 + Level 11.6 Invocations


You had 15 spell levels left.
You knew the following spells:

 Your Spells              Type           Power        Failure   Level
a - Apportation           Tloc           0%           97%         1

Your spell library contained the following spells:

 Spells                   Type           Power        Failure   Level
 Animate Skeleton         Necr           0%           97%         1
 Corona                   Hex            0%           97%         1
 Magic Dart               Conj           0%           97%         1
 Pain                     Necr           0%           97%         1
 Shock                    Conj/Air       0%           97%         1
 Sting                    Tmut/Pois      0%           97%         1
 Summon Small Mammal      Summ           0%           97%         1
 Blink                    Tloc           N/A          99%         2
 Call Imp                 Summ           0%           99%         2
 Poisonous Vapours        Pois/Air       0%           99%         2
 Searing Ray              Conj           0%           99%         2
 Slow                     Hex            0%           99%         2
 Swiftness                Air            0%           99%         2
 Confusing Touch          Hex            0%           100%        3
 Conjure Flame            Conj/Fire      0%           100%        3
 Dazzling Flash           Conj/Hex       0%           100%        3
 Gell's Gravitas          Tloc           0%           100%        3
 Ignite Poison            Fire/Tmut/Pois 0%           100%        3
 Mephitic Cloud           Conj/Pois/Air  0%           100%        3
 Static Discharge         Conj/Air       0%           100%        3
 Vampiric Draining        Necr           0%           100%        3
 Airstrike                Air            0%           100%        4
 Animate Dead             Necr           0%           100%        4
 Fulminant Prism          Conj/Hex       0%           100%        4
 Iskenderun's Mystic Bla  Conj/Tloc      0%           100%        4
 Olgreb's Toxic Radiance  Pois           0%           100%        4
 Petrify                  Tmut/Erth      0%           100%        4
 Agony                    Necr           0%           100%        5
 Bolt of Magma            Conj/Fire/Erth 0%           100%        5
 Fireball                 Conj/Fire      0%           100%        5
 Iskenderun's Battlesphe  Conj           0%           100%        5
 Lightning Bolt           Conj/Air       0%           100%        5
 Metabolic Englaciation   Hex/Ice        0%           100%        5
 Yara's Violent Unravell  Hex/Tmut       0%           100%        5
 Iron Shot                Conj/Erth      0%           100%        6
 Starburst                Conj/Fire      0%           100%        6
 Orb of Destruction       Conj           0%           100%        7
 Spellforged Servitor     Conj/Summ      0%           100%        7
 Ignition                 Fire           0%           100%        8
 Shatter                  Erth           0%           100%        9
 Tornado                  Air            0%           100%        9


Dungeon Overview and Level Annotations

Branches:
Dungeon (15/15)            Temple (0/1) D:6            Lair (6/6) D:10
  Swamp (2/4) Lair:3        Snake (4/4) Lair:3        Slime (0/5) Lair:6
    Orc (1/2) D:10         Vaults (1/5) D:13         Depths (1/5) D:15

Altars:
Fedhas
Nemelex Xobeh
Uskayaw
Wu Jian
Jiyva

Shops:
D:5 *   D:7 *   D:12 *   D:14 *   Snake:2 *

Portals:
Trove: D:10 (give 13 potions of heal wounds)

Annotations:
Lair:4 exclusion: 2 oklob plants
Swamp:2 Donald
Snake:1 1 runed translucent door
Snake:2 3 runed translucent doors, vinnietd's ghost, adept HaFi
Depths:1 exclusion: orange crystal statue


Innate Abilities, Weirdness & Mutations

You can walk on water.
You are partially covered in large bone plates. (SH +4)
You have a somewhat thin skeletal structure. (Dex +2, Stealth)
Scrolls take you a little longer to read.
You are clumsy. (Dex -2)
Your spells are a little harder to cast, but a little more powerful.


Message History

Donald is engulfed in spectral mist.
Unknown command.
Unknown command.
Unknown command.
You are engulfed in spectral mist.
Ugrim is engulfed in spectral mist.
The thorn hunter is engulfed in spectral mist.
The thorn hunter gestures.
The ghost crab bites Bolgrim!
Bolgrim dies!
You hear a splash. x2
The thorn hunter is engulfed in spectral mist.
Ugrim blocks the thorn hunter's attack.
The thorn hunter hits Ugrim!!
You block the spectral alligator's attack.
The spectral alligator tail-slaps you but does no damage.
Ugbert barely misses the swamp worm.
Cornered, the swamp worm turns to fight!
The spectral alligator snapping turtle bites you!!
* * * LOW HITPOINT WARNING * * *
The spectral alligator bites you!
You die...

.>..♣.≈...
♣.♣≈≈≈.>
♣.≈≈§..♣
♣.≈°.♣.♣ .
♣.≈♣°≈.♣♣♣..[.
♣≈○Z@tZ...#
♣≈≈°☼f♣♣..#
♣.≈Zo○♣ ♣.#
♣≈°Z@☼♣ ♣..
♣§≈≈≈♣♣ ♣♣♣
♣wo..♣ ♣PPP♣♣


♣PPPP♣ ♣♣.≈. ♣.≈≈ ♣...♣ .. ♣...♣♣ You could see a thorn hunter, Donald (strong),
a ghost crab, a spectral alligator (summoned), a spectral seven-headed hydra
(summoned), a spectral snapping turtle (summoned), a spectral alligator snapping
turtle (summoned), a swamp worm, the friendly Ugrim the orc warlord and the
friendly Ugbert the orc warrior (strong).

Vanquished Creatures
  Bai Suzhen (Snake:3)
  Rupert (Lair:6)
  3 nagarajas
  An ironheart preserver (Vaults:1)
  Snorg (D:12)
  An eleionoma (Swamp:1)
  A fire dragon (D:15)
  A shambling mangrove (Swamp:1)
  A rakshasa (Vaults:1)
  5 naga warriors
  A boulder beetle (Lair:2)
  An ice dragon (Vaults:1)
  6 hydras
  A catoblepas (Lair:6)
  A death knight (D:15)
  5 two-headed ogres
  2 centaur warriors
  Erica (Orc:1)
  A tengu warrior (D:13)
  5 anacondas
  4 alligators (Swamp:1)
  2 death yaks
  A deep troll earth mage (Vaults:1)
  2 naga sharpshooters
  2 shock serpents
  A salamander mystic (Snake:4)
  An unseen horror (D:15)
  2 deep trolls (Vaults:1)
  3 goliath frogs (Swamp:1)
  A spriggan druid (Swamp:1)
  7 naga ritualists
  2 bog bodies (Swamp:1)
  A lindwurm (Lair:2)
  2 swamp dragons (Swamp:1)
  3 orc knights
  3 mana vipers
  A necromancer (D:13)
  A will-o-the-wisp (Swamp:1)
  A deep elf mage (D:14)
  7 ugly things
  3 cyclopes
  3 elephants (Lair:6)
  A manticore (Lair:6)
  4 salamanders
  A centaur zombie (D:14)
  2 vault sentinels (Vaults:1)
  15 black mambas
  A guardian serpent (Snake:3)
  Psyche (D:10)
  19 naga magi
  9 cane toads
  3 rime drakes
  A kobold demonologist (D:15)
  2 komodo dragons (Lair:3)
  A freezing wraith (D:14)
  6 meliai
  5 trolls
  A polar bear (Lair:5)
  A tyrant leech (Swamp:1)
  5 hornets
  10 dream sheep
  2 slime creatures (D:13)
  12 blink frogs
  Sigmund (D:6)
  A meliai zombie (D:14)
  3 redbacks (D:14)
  2 vampires
  43 yaks
  4 spriggans
  A shadow (D:10)
  2 wraiths (D:10)
  2 wyverns
  A basilisk (Lair:2)
  7 vampire mosquitoes
  28 nagas
  3 wargs (D:10)
  5 swamp worms
  An acid dragon (D:14)
  A soldier ant (D:13)
  2 two-headed ogre zombies (D:10)
  8 water moccasins
  A hornet zombie (D:14)
  9 orc warriors
  2 ice beasts
  6 sky beasts
  A black bear (D:10)
  2 eyes of draining
  A phantom (D:10)
  A necrophage (D:8)
  9 wolves
  9 ogres
  11 centaurs
  A big kobold (D:10)
  11 bullfrogs
  2 scorpions
  23 killer bees
  A troll zombie (D:10)
  14 wights
  A howler monkey (D:4)
  3 bullfrog zombies
  A quasit (D:10)
  6 jellies
  13 orc wizards
  2 centaur skeletons
  5 orc priests
  A bullfrog skeleton (D:11)
  8 hounds
  Ijyb (D:3)
  Natasha (thrice) (D:3)
  4 iguanas
  5 hell rats (Lair:5)
  11 worker ants
  5 ogre zombies (D:10)
  A hound zombie (D:6)
  23 adders
  7 gnolls (D:5)
  6 white imps
  An ufetubus (D:5)
  2 oozes (D:7)
  An adder skeleton (D:9)
  A worm (D:2)
  A dart slug (D:3)
  7 leopard geckos
  50 orcs
  A ball python (D:4)
  6 giant cockroaches
  5 goblins
  10 hobgoblins
  3 jackals (D:7)
  3 quokkas
  3 bats
  A frilled lizard (D:1)
  6 goblin zombies (D:10)
  2 hobgoblin skeletons (D:10)
  3 hobgoblin zombies (D:10)
  A jackal skeleton (D:4)
  9 kobolds
  A leopard gecko skeleton (D:4)
  4 orc skeletons (D:10)
  10 orc zombies (D:10)
  4 rats
655 creatures vanquished.

Vanquished Creatures (collateral kills)
  4 nagarajas
  2 orc warlords (Lair:4)
  2 ironheart preservers (Vaults:1)
  An ettin (Depths:1)
  A fire dragon (D:15)
  A vault guard (Vaults:1)
  7 boulder beetles
  11 naga warriors
  3 hydras
  2 catoblepae (Lair:6)
  A centaur warrior (Vaults:1)
  5 anacondas
  12 death yaks
  An ogre mage (D:14)
  2 orc knights (Lair:4)
  A two-headed ogre (D:14)
  A deep troll earth mage (Vaults:1)
  7 naga sharpshooters
  3 shock serpents
  A sea snake (Snake:4)
  2 skeletal warriors (Vaults:1)
  An unseen horror (D:14)
  4 deep trolls (Vaults:1)
  A wizard (D:15)
  4 naga ritualists
  2 lindwurms
  A deep elf mage (Vaults:1)
  9 ugly things
  6 mana vipers
  A cyclops (D:15)
  2 manticores
  7 salamanders
  8 elephants (Lair:6)
  28 black mambas
  A centaur zombie (D:15)
  17 naga magi
  2 vault sentinels (Vaults:1)
  4 guardian serpents
  7 cane toads
  2 centaur skeletons
  A rime drake (Lair:2)
  6 komodo dragons
  3 meliai
  A jumping spider (D:14)
  A queen bee (Lair:4)
  2 trolls
  3 tyrant leeches
  7 hornets
  3 slime creatures
  12 blink frogs
  13 dream sheep (Lair:6)
  2 redbacks (D:14)
  2 wraiths
  2 wyverns
  33 yaks
  2 vampire mosquitoes (D:15)
  A basilisk (Lair:1)
  2 steam dragons
  29 nagas
  A soldier ant (D:12)
  A swamp worm (Lair:3)
  9 orc warriors
  9 water moccasins
  A black bear (Lair:2)
  An eye of draining (D:14)
  2 ice beasts (D:12)
  10 wolves
  2 ogres
  6 centaurs
  13 bullfrogs
  A scorpion (D:11)
  3 killer bees (Lair:4)
  2 wights
  2 hounds
  5 orc priests
  2 orc wizards
  An iguana (D:12)
  15 orcs
  A butterfly (Lair:3)
389 creatures vanquished.

Vanquished Creatures (others)
  2 orc warlords
  An orc sorcerer (Swamp:2)
  Fannar (Lair:1)
  A shock serpent (Snake:2)
  5 orc knights
  2 skeletal warriors (Vaults:1)
  6 orc warriors
  5 orc wizards
  2 orc priests
  14 orcs
  9 foxfires
  66 fungi
  127 plants
241 creatures vanquished.

Grand Total: 1285 creatures vanquished

Notes
Turn   | Place    | Note
-------+----------+-------------------------------------------
     0 | D:5      | Gduck the Hill Orc Delver began the quest for the Orb.
     0 | D:5      | Reached XP level 1. HP: 19/19 MP: 1/1
    80 | D:4      | Found a glowing drain.
   512 | D:2      | Noticed a worker ant
   579 | D:1      | Reached XP level 2. HP: 27/27 MP: 2/2
  1463 | D:2      | Reached XP level 3. HP: 26/34 MP: 3/3
  1795 | D:2      | Reached XP level 4. HP: 39/41 MP: 4/4
  2107 | D:2      | Learned a level 1 spell: Apportation
  2139 | D:2      | Reached skill level 5 in Fighting
  2808 | D:3      | Noticed Ijyb
  2833 | D:3      | Killed Ijyb
  2834 | D:3      | Reached XP level 5. HP: 45/48 MP: 5/5
  2877 | D:3      | Noticed Natasha
  3020 | D:3      | Killed Natasha
  3168 | D:3      | Noticed Natasha
  3180 | D:3      | Killed Natasha
  3400 | D:3      | Noticed Natasha
  3417 | D:3      | Killed Natasha
  3768 | D:3      | Reached skill level 5 in Polearms
  3768 | D:3      | Reached XP level 6. HP: 29/57 MP: 6/6
  5113 | D:4      | Reached XP level 7. HP: 63/66 MP: 7/7
  6124 | D:5      | Reached XP level 8. HP: 66/74 MP: 8/8
  6857 | D:5      | Found Tacet's Assorted Antiques.
  7072 | D:6      | Noticed Sigmund
  7082 | D:6      | Killed Sigmund
  7168 | D:6      | Found a staircase to the Ecumenical Temple.
  7883 | D:7      | Reached skill level 10 in Fighting
  7906 | D:7      | Reached XP level 9. HP: 82/85 MP: 9/9
  7963 | D:7      | Found a sparkling altar of Nemelex Xobeh.
  8443 | D:7      | Found Coimp's General Store.
  8448 | D:7      | Bought a wand of iceblast (6) for 100 gold pieces
  8539 | D:8      | Found a sparkling altar of Nemelex Xobeh.
  9127 | D:8      | Reached skill level 10 in Polearms
  9179 | D:8      | Became a worshipper of Beogh the Brigand
  9199 | D:8      | Noticed a red ugly thing
  9204 | D:8      | Found a blossoming altar of Fedhas.
  9448 | D:8      | Killed a red ugly thing
 10107 | D:8      | Reached XP level 10. HP: 86/97 MP: 10/10
 10771 | D:9      | Reached * piety under Beogh
 10965 | D:10     | Entered Level 10 of the Dungeon
 11952 | D:10     | Found a staircase to the Lair.
 11985 | D:10     | Reached ** piety under Beogh
 12578 | D:10     | Noticed Psyche
 12597 | D:10     | Killed Psyche
 12959 | D:10     | Found a portal to a secret trove of treasure.
 13205 | D:10     | Found a staircase to the Orcish Mines.
 13239 | D:10     | Reached *** piety under Beogh
 13253 | D:10     | Reached XP level 11. HP: 104/104 MP: 11/11
 14317 | D:11     | Noticed a cyclops
 14326 | D:11     | Killed a cyclops
 14327 | D:11     | Reached skill level 1 in Armour
 14427 | D:11     | Noticed a two-headed ogre
 14442 | D:11     | Killed a two-headed ogre
 14736 | D:11     | Noticed a boulder beetle
 14780 | Lair:1   | Entered Level 1 of the Lair of Beasts
 14809 | Lair:1   | Reached **** piety under Beogh
 14814 | Lair:1   | Paralysed by a hornet for 2 turns
 14926 | Orc:1    | Entered Level 1 of the Orcish Mines
 14926 | Orc:1    | Noticed Erica
 14946 | Orc:1    | Killed Erica
 15139 | Orc:1    | Noticed an orc knight
 15362 | Lair:1   | Reached skill level 5 in Shields
 15405 | Lair:1   | Noticed Fannar
 15439 | Lair:1   | Killed Fannar
 15832 | D:10     | Killed an orc knight
 15833 | D:10     | Reached XP level 12. HP: 111/115 MP: 12/12
 16331 | Lair:1   | You fall into a shaft and drop 1 floor!
 16861 | Lair:2   | Reached skill level 10 in Shields
 17001 | Lair:2   | Noticed a boulder beetle
 17016 | Lair:2   | Killed a boulder beetle
 17024 | Lair:2   | Found an ornate altar of the Wu Jian Council.
 17024 | Lair:2   | Found a hide-covered altar of Uskayaw.
 17061 | Lair:2   | Noticed a boulder beetle
 17078 | Lair:2   | Killed a boulder beetle
 17078 | Lair:2   | Reached ***** piety under Beogh
 18658 | Lair:1   | Got a pair of warped gloves
 18669 | Lair:1   | Identified the +2 pair of gloves of Sunlight {rC+ MP-9
                  | Slay+2 SInv} (You found it on level 1 of the Lair of
                  | Beasts)
 18773 | Lair:3   | Noticed a death yak
 18773 | Lair:3   | Noticed a death yak
 18785 | Lair:3   | Noticed a death yak
 18787 | Lair:3   | Killed a death yak
 18788 | Lair:3   | Noticed a death yak
 18789 | Lair:3   | Killed a death yak
 18789 | Lair:3   | Noticed a death yak
 18790 | Lair:3   | Noticed a death yak
 18797 | Lair:3   | Killed a death yak
 18800 | Lair:3   | Killed a death yak
 18801 | Lair:3   | Killed a death yak
 18804 | Lair:3   | Killed a death yak
 19241 | Lair:3   | Gained Orik as an ally
 19253 | Lair:3   | Reached XP level 13. HP: 107/122 MP: 4/13
 19334 | Lair:3   | Found a staircase to the Snake Pit.
 20217 | Lair:3   | Found a staircase to the Swamp.
 20420 | Lair:4   | Gained Orkrul as an ally
 20743 | Lair:4   | Was placed under penance by Beogh
 21227 | Lair:4   | Reached skill level 5 in Armour
 21443 | Lair:4   | Noticed Bladwarg
 21453 | Lair:4   | Killed Bladwarg the orc warlord
 21642 | Lair:4   | Noticed an orc warlord
 21649 | Lair:4   | Your ally Orkrul died
 21652 | Lair:4   | Killed an orc warlord
 21737 | Lair:4   | Noticed an orc warlord
 22717 | Lair:5   | Was forgiven by Beogh
 22725 | Lair:5   | Reached skill level 15 in Shields
 22857 | Lair:5   | Got a sapphire broad axe
 22858 | Lair:5   | Identified the cursed +0 broad axe "Heokeo Hecu" {vorpal,
                  | rN++ Int+4} (You found it on level 5 of the Lair of Beasts)
 23649 | D:11     | Reached XP level 14. HP: 91/129 MP: 5/14
 23736 | D:11     | Gained Ugrim as an ally
 24798 | Lair:6   | Entered Level 6 of the Lair of Beasts
 24827 | Lair:6   | Reached skill level 10 in Armour
 25710 | Lair:6   | Reached ****** piety under Beogh
 25710 | Lair:6   | Gained Bogdar as an ally
 25904 | Lair:6   | Gained Bogdar as an ally
 25966 | Lair:6   | Noticed Rupert
 25987 | Lair:6   | Killed Rupert
 26094 | Lair:6   | Your ally Bogdar died
 26305 | Lair:6   | Found a viscous altar of Jiyva.
 26305 | Lair:6   | Found a staircase to the Slime Pits.
 26951 | Snake:1  | Entered Level 1 of the Snake Pit
 26985 | Snake:1  | Reached skill level 15 in Polearms
 27343 | D:12     | Noticed Snorg
 27358 | D:12     | Killed Snorg
 27548 | D:12     | Found Guse's Mass Market.
 27777 | D:13     | Reached XP level 15. HP: 139/139 MP: 6/15
 28236 | D:13     | Found a gate to the Vaults.
 28317 | D:13     | Reached skill level 15 in Fighting
 29486 | Snake:1  | Gained mutation: You are clumsy. (Dex -2) [potion of
                  | mutation]
 29486 | Snake:1  | Gained mutation: Armour fits poorly on your strangely
                  | shaped body. [potion of mutation]
 29486 | Snake:1  | Gained mutation: Scrolls take you a little longer to read.
                  | [potion of mutation]
 29486 | Snake:1  | Gained mutation: You expend magic power (3 MP) to
                  | strengthen your wands. [potion of mutation]
 29487 | Snake:1  | Lost mutation: Scrolls take you a little longer to read.
                  | [potion of mutation]
 29487 | Snake:1  | Lost mutation: Armour fits poorly on your strangely shaped
                  | body. [potion of mutation]
 29487 | Snake:1  | Lost mutation: You expend magic power (3 MP) to strengthen
                  | your wands. [potion of mutation]
 29487 | Snake:1  | Gained mutation: Your spells are a little harder to cast,
                  | but a little more powerful. [potion of mutation]
 29487 | Snake:1  | Gained mutation: Scrolls take you a little longer to read.
                  | [potion of mutation]
 29487 | Snake:1  | Gained mutation: You are partially covered in large bone
                  | plates. (SH +4) [potion of mutation]
 29487 | Snake:1  | Gained mutation: You have a somewhat thin skeletal
                  | structure. (Dex +2, Stealth) [potion of mutation]
 29908 | Snake:1  | Found a runed translucent door.
 30246 | Snake:2  | Gained Boghold as an ally
 30268 | Snake:2  | Reached skill level 1 in Invocations
 30584 | Snake:2  | Got an ancient battleaxe
 30585 | Snake:2  | Identified the +6 battleaxe of Insomnia {vorpal, Str+5
                  | Dex+4 SInv} (You found it on level 2 of the Snake Pit)
 31047 | Snake:1  | Your ally Boghold died
 31238 | Snake:2  | Got a polished plate armour
 31257 | Snake:1  | Identified the cursed +1 plate armour of Iphudub {Dex+3}
                  | (You found it on level 2 of the Snake Pit)
 31329 | Snake:2  | Found a runed translucent gate.
 31329 | Snake:2  | Found a runed translucent gate.
 31329 | Snake:2  | Found a runed translucent gate.
 31329 | Snake:2  | Noticed vinnietd's ghost (adept HaFi)
 31332 | Snake:2  | Found Dastries's General Store.
 31434 | Snake:2  | Your ally Bogdar died
 31464 | Snake:2  | Upgraded the game from 0.26.0-20-g3ca415f5b8 to
                  | 0.26.0-41-g79a4fc7684
 31622 | Snake:2  | Noticed a nagaraja
 31637 | Snake:2  | Killed a nagaraja
 31638 | Snake:2  | Reached skill level 5 in Invocations
 32011 | Snake:3  | Noticed a nagaraja
 32032 | Snake:3  | Killed a nagaraja
 32429 | Snake:3  | Your ally Bogdar died
 32437 | Snake:3  | Noticed a nagaraja
 32450 | Snake:3  | Reached XP level 16. HP: 151/152 MP: 9/20
 32464 | Snake:3  | Killed a nagaraja
 32582 | Snake:3  | Noticed Bai Suzhen
 32717 | Snake:3  | Killed Bai Suzhen
 32771 | Snake:3  | Identified the +7 chain mail of Impatience {rCorr Int-2
                  | Dex+5}
 33295 | Snake:4  | Entered Level 4 of the Snake Pit
 36156 | Snake:4  | Noticed a nagaraja
 36180 | Snake:4  | Killed a nagaraja
 36587 | Snake:4  | Noticed a nagaraja
 36600 | Snake:4  | Killed a nagaraja
 36828 | Snake:4  | Noticed a nagaraja
 37054 | Snake:4  | Killed a nagaraja
 37188 | Snake:4  | Noticed a nagaraja
 37201 | Snake:4  | Killed a nagaraja
 37701 | Snake:4  | Got a serpentine rune of Zot
 38210 | D:14     | Reached XP level 17. HP: 140/162 MP: 15/24
 38237 | D:14     | Reached skill level 10 in Invocations
 38597 | D:15     | Entered Level 15 of the Dungeon
 38627 | D:14     | Gained Bogmar as an ally
 38937 | D:14     | Found Icahiu's Serpentskin Sales.
 39331 | D:15     | Gained Arkwar as an ally
 39544 | D:15     | Found an ornate altar of the Wu Jian Council.
 40052 | D:15     | Your ally Arkwar died
 40062 | D:15     | Found a staircase to the Depths.
 40109 | Depths:1 | Entered Level 1 of the Depths
 40239 | Vaults:1 | Entered Level 1 of the Vaults
 40459 | Vaults:1 | Gained Ugbert as an ally
 40560 | Vaults:1 | Your ally Ugbert died
 40643 | Vaults:1 | Your ally Bogmar died
 40654 | Vaults:1 | Gained Bolgrim as an ally
 41210 | Swamp:1  | Entered Level 1 of the Swamp
 42097 | Swamp:2  | Noticed Donald
 42293 | Swamp:1  | Paralysed by a hornet for 2 turns
 42468 | Swamp:2  | Your ally Bolgrim died
 42468 | Swamp:2  | HP: 7/163 [spectral alligator snapping turtle[a ghost crab]
                  | (25)]
 42468 | Swamp:2  | Mangled by a spectral alligator

Illustrated notes

Levels and vault maps discovered:
D:1:      wander_arrival_peaceful_grave, layout_loops_corners
D:2:      layout_loops_corners, minmay_close_crescents
D:3:      layout_basic, due_unseen_surprise, uniq_natasha, uniq_ijyb
D:4:      layout_basic, gup_sewer_entry_glass
D:5:      layout_basic, serial_shops, nicolae_shop_overgrown_old_shop
D:6:      layout_loops_corners, minmay_temple_entry_overgrown, minivault_27,
          uniq_sigmund
D:7:      layout_loops_cross, serial_shops, kennysheep_little_box,
          nemelex_xobeh_ov_fountains_minmay
D:8:      layout_basic, kennysheep_mini, fedhas_altar_fruit_tree
D:9:      layout_small_grid
D:10:     layout_layer_cave, erik_lair_orcish_takeover, zombieorc2_lemuel,
          nicolae_trove_entry_free_sample, minmay_quadrilaterals, uniq_psyche
D:11:     layout_cave_pools, minivault_26
D:12:     layout_roguey, minmay_shop_mass, uniq_snorg
D:13:     layout_roguey, david_vaults_1, serial_aquarium,
          aquarium_bridge_long_joined [aquarium_subvault_bridge,
          aquarium_subvault_bridge, aquarium_subvault_window,
          aquarium_subvault_bridge, aquarium_subvault_window,
          aquarium_subvault_wall], aquarium_bridge_square
          [aquarium_subvault_bridge, aquarium_subvault_bridge,
          aquarium_subvault_balcony, aquarium_subvault_wall],
          aquarium_window_fake, aquarium_window_1, aquarium_window_corridor_3,
          aquarium_view_2f, aquarium_view_2e, minmay_microvault
D:14:     layout_cave_pods, guppyfry_shop_venom
D:15:     grunt_enter_depths_hoard, layout_long_grid, basic_altar,
          grunt_ministairs_9, grunt_decor_mini_mirrors, minmay_misc_feat_square
Lair:1:   minmay_lair_venomous_thicket, layout_chaotic_city, uniq_fannar
Lair:2:   cheibrodos_lair_overgrown_chateau, layout_cave_pods,
          nzn_masters_of_martial_movement
Lair:3:   layout_regular_city, palyth_hydra_swamp_entry,
          guppyfry_snake_entry_garden, lemuel_fruit_fields
Lair:4:   layout_roguey [special_room_bee], minmay_lair_oklob_chamber,
          grunt_megastairs_1
Lair:5:   layout_big_grid
Lair:6:   evilmike_catoblepas_cave, layout_gridlike,
          dpeg_slime_entry_enclosed_altar, st_stairs_6, uniq_rupert
Swamp:1:  layout_falls_marsh, hangedman_swamp_pad
Swamp:2:  layout_falls_marsh, evilmike_swamp_ruin_rubble_2, uniq_donald
Snake:1:  cheibrodos_toxic_ritual, layout_grid_shapes, serial_bayou_pond_e,
          grunt_ministairs_6, serial_bayou_shore_b
Snake:2:  layout_onion_interference, gammafunk_ghost_necromancy, serial_shops,
          nicolae_shop_temple_entry_statues_fountains, drop_trap,
          grunt_ministairs_13
Snake:3:  layout_cave_town, hangedman_snake_pattern, uniq_bai_suzhen
Snake:4:  snake_pit, layout_grid_shapes, serial_bayou_pond_b
Orc:1:    layout_caves, minmay_orc_temple_b, uniq_erica
Vaults:1: ontoclasm_vaults_ring_small, nicolae_vaults_display_case,
          vaults_room_grunt_arrival_ludios, hangedman_vaults_stitches,
          v_misc_27, vaults_dpeg_encased_lava, hangedman_vaults_nails,
          nicolae_vaults_angled_halls, v_misc_1, ontoclasm_vaults_idyll,
          dpeg_vaults_monster_box, layout_vaults_omnigrid
Depths:1: layout_cave_pools, hell_entry, serial_column_ruins,
          column_ruins_corridor_straight, column_ruins_columns_straight,
          column_ruins_open_tiny, column_ruins_columns_corner,
          column_ruins_columns_dead_end, column_ruins_columns_corner,
          column_ruins_columns_straight, hangedman_decor_diamond_cutter,
          serial_shops, kennysheep_mini_moat, abyss_entry, minivault_16,
          kennysheep_generic_room_13, uniq_aizul

Skill      XL: |  1  2  3  4  5  6  7  8  9 10 11 12 13 14 15 16 17 |
---------------+----------------------------------------------------+-----
Fighting       | 4 5 6 7 8 10 11 12 13 14 16 17 18 | 18.1
Polearms       | 3 4 5 7 9 10 13 14 15 16 17 18 | 18.1
Armour         | 3 8 11 12 | 12.8
Dodging        | 3 |  3.3
Shields        | 7 12 15 16 | 16.1
Invocations    | 6 9 11 | 11.6
Stealth        | |  4.1

Action                   |  1- 3 |  4- 6 |  7- 9 | 10-12 | 13-15 | 16-18 || total
-------------------------+-------+-------+-------+-------+-------+-------++-------
Melee: Spear             |    99 |   302 |   252 |       |       |       ||   653
       Scythe            |       |       |   186 |    13 |       |       ||   199
       Halberd           |       |       |       |   329 |       |       ||   329
       Trident           |       |       |       |   598 |  1530 |  1423 ||  3551
Throw: Boomerang         |       |       |     7 |       |       |       ||     7
Invok: Convert to Beogh  |       |       |     1 |       |       |       ||     1
       Recall Orcish Fol |       |       |       |    12 |    33 |    56 ||   101
       Give Item to Name |       |       |       |       |     5 |     3 ||     8
       Stop Recall       |       |       |       |       |     1 |     2 ||     3
       Smiting           |       |       |       |       |     1 |     3 ||     4
       Resurrection      |       |       |       |       |     1 |     1 ||     2
Evoke: Wand              |       |     5 |    11 |    10 |     1 |       ||    27
       Box of beasts     |       |       |       |       |       |     2 ||     2
  Use: Potion            |     3 |       |     1 |     2 |     9 |    10 ||    25
       Scroll            |     1 |       |    10 |     9 |    14 |     6 ||    40
 Stab: Sleeping          |     2 |       |     5 |       |       |       ||     7
       Distracted        |       |     1 |       |    10 |    13 |    22 ||    46
       Confused          |       |       |     1 |       |       |       ||     1
       Paralysed         |       |       |       |     8 |       |       ||     8
       Invisible         |       |       |       |     3 |       |    10 ||    13
Armor: Scale mail        |    27 |   102 |   160 |       |       |       ||   289
       Leather armour    |     2 |       |       |       |       |       ||     2
       Chain mail        |       |       |    18 |   262 |       |   367 ||   647
       Storm dragon scal |       |       |       |    54 |   530 |    32 ||   616
Dodge: Dodged            |    35 |    85 |   176 |   186 |   401 |   247 ||  1130
Block: Kite shield       |       |       |       |    52 |   147 |   852 ||  1051
       Other             |       |       |       |       |    11 |       ||    11
